 Dungeon Crawl Stone Soup version 0.29-a0-284-gf9362112df (webtiles) character file.

Game seed: 16198788545458759483

271 spaghetti the Covert (level 6, -1/42 HPs)
             Began as an Octopode Delver on Mar 19, 2022.
             Killed from afar by Sigmund (7 damage)
             ... with a puff of flame
             ... on level 6 of the Dungeon.
             The game lasted 00:00:51 (247 turns).

spaghetti the Covert (Octopode Delver)               Turns: 247, Time: 00:00:51

Health: -1/42      AC:  1    Str: 11    XL:     6   Next: 23%
Magic:  6/6        EV: 13    Int: 13    God:
Gold:   14         SH:  0    Dex: 15    Spells: 5/5 levels left

rFire   . . .      SeeInvis .   a - +0 short sword {short}
rCold   . . .      Faith    .   (no shield)
rNeg    . . .      Spirit   .   (helmet restricted)
rPois   .          Reflect  .   (no amulet)
rElec   .          Harm     .   (no ring)
rCorr   .          Rampage  .   (no ring)
Will    .....                   (no ring)
Stlth   +++.......              (no ring)
HPRegen 0.14/turn               (no ring)
MPRegen 0.10/turn               (no ring)
                                (no ring)
                                (no ring)

@: confused, hasted, very quick
A: almost no armour, amphibious, 8 rings, camouflage 1, gelatinous body 1,
(nimble swimmer 1), tentacles
a: no special abilities


You were on level 6 of the Dungeon.
You visited 1 branch of the dungeon, and saw 2 of its levels.

You collected 14 gold pieces.


Innate Abilities, Weirdness & Mutations

You cannot wear most types of armour.
You are amphibious.
You can wear up to eight rings at the same time.
Your skin changes colour to match your surroundings (Stealth+).
Your rubbery body absorbs attacks. (AC +1, EV +1)
((You are camouflaged when in or above water. (Stealth+)))
You have tentacles for arms and can constrict up to eight enemies at once.


   Skills:
 - Level 3.0 Fighting
 - Level 2.0 Short Blades
 - Level 2.0 Dodging
 + Level 10.9 Stealth


You had 5 spell levels left.
You didn't know any spells.
Your spell library was empty.

Inventory:

Hand Weapons
 a - a +0 short sword (weapon) {short}
Wands
 f - a wand of digging (3)
Scrolls
 b - a scroll of fog
 c - a scroll of magic mapping {!r}
 d - a scroll of fear

Dungeon Overview and Level Annotations

Branches:
Dungeon (6/15)
 Temple: D:4-7

Altars:

Annotations:
D:6 Sigmund

#.##.# #.##.# #.##[#
#.##.# #.##.########
#.......#...###
...).##.#.#...#
...#........#.#####.###
...#.##Y#####.)Y@.@...#
#.##......# #######.#.#
#.......#.##
##.[.........
##.###.#..##. ...#
#.#..# # #..# .....#
...# .....# ...# ......


You could see an ice beast and Sigmund (empowered).


Message History

Your experience leads to an increase in your attributes!
Increase (S)trength, (I)ntelligence, or (D)exterity?
You feel agile. x2
You have reached level 4!
You have reached level 5!
You feel clever. 😮 HP[+8] MP[+3]
You now have 36 max hp (+15).
You regained 8 hp, and now have 20/36 hp.
Your mp is fully restored (5).
You hear the slow hiss of an avalanche of sand nearby.
A howler monkey comes into view. 😕 HP[+10]
You regained 10 hp, and now have 30/36 hp.
Unknown command.
Unknown command. 😕 HP[+1]
The howler monkey howls!
You hear a shout! 😕 HP[+1]
You hit the howler monkey. You grab the howler monkey.
You constrict the howler monkey. The howler monkey hits you!
The howler monkey barely misses you. 😮 HP[-7]
You take 7 damage, and now have 25/36 hp.
You hit the howler monkey. You squeeze the howler monkey!
You constrict the howler monkey.
You kill the howler monkey!
Your Stealth skill increases to level 10!
A white imp comes into view.
You see here a +0 robe.
You closely miss the white imp. You grab the white imp.
You squeeze the white imp, but do no damage.
You constrict the white imp. The white imp misses you.
You hit the white imp. You squeeze the white imp. You constrict the white imp.
The white imp gestures at you. The puff of frost hits you!
* * * LOW HITPOINT WARNING * * *
😨 HP[-7]
You take 7 damage, and now have 18/36 hp.
You hit the white imp. You squeeze the white imp.
You kill the white imp!
You start resting.
You hear the hiss of an avalanche of sand nearby.
An ice beast comes into view. 😮 HP[+3]
You regained 3 hp, and now have 21/36 hp.
Unknown command.
Unknown command.
An ogre comes into view.
It is wielding a +0 giant spiked club. 😮 HP[+1]
The helpless ogre fails to defend itself.
You impale the ogre!!
You kill the ogre!
You have reached level 6! 😮 HP[+4] MP[+1]
You now have 42 max hp (+6).
You regained 4 hp, and now have 26/42 hp.
Your mp is fully restored (6).
Sigmund the Dreaded comes into view.
He is wielding a +0 scythe.
You see here a +0 giant spiked club {mace}.
Sigmund casts a spell at you.
You are confused.
You feel yourself speed up.
Sigmund drinks a potion.
Sigmund's spells are empowered!
Unknown command.
You are too confused!
You bump into the rock wall.
Sigmund points at you and mumbles some strange words.
You are more confused.
Unknown command. 😮 HP[+1]
You bump into the rock wall.
Sigmund closely misses you.
You're too confused to move!
The ice beast hits you but does no damage.
You bump into the rock wall.
Sigmund hits you from afar with a +0 scythe. 😮 HP[-4]
You take 4 damage, and now have 23/42 hp.
You closely miss the ice beast. The ice beast closely misses you.
Unknown command.
You bump into the rock wall.
Sigmund points at you and mumbles some strange words.
The puff of flame hits you!
* * * LOW HITPOINT WARNING * * *
The ice beast hits you.
* * * LOW HITPOINT WARNING * * *
The ice beast freezes you.
* * * LOW HITPOINT WARNING * * *
😱 HP[-17]
You take 17 damage, and now have 6/42 hp.
MASSIVE DAMAGE!! (PAUSE)
You hit the ice beast but do no damage.
You are too confused!
You aren't carrying any potions.
Unknown command.
You bump into the rock wall.
Sigmund gestures at you while chanting. The puff of flame hits you!
You die...

Skill      XL: |  1  2  3  4  5 |
---------------+----------------+-----
Stealth        | 7 9 10 | 10.9
Fighting       | |  3.0
Short Blades   | |  2.0
Dodging        | |  2.0

Action                   |  1- 3 |  4- 6 || total
-------------------------+-------+-------++-------
Melee: Short sword       |     7 |     8 ||    15
       Constrict         |     2 |     2 ||     4
       Tentacles         |     1 |     4 ||     5
  Use: Potion            |       |     1 ||     1
 Stab: Sleeping          |     3 |     1 ||     4
Armor: Skin              |       |     1 ||     1
Dodge: Dodged            |     3 |     4 ||     7

Levels and vault maps discovered:
D:5:      kennysheep_slugbush, layout_cave_pods, serial_shops, shop
D:6:      layout_loops_cross, minmay_temple_entry_glass,
          nicolae_ossuary_entry_plus, uniq_sigmund, uniq_menkaure

Notes
Turn   | Place    | Note
-------+----------+-------------------------------------------
     0 | D:5      | spaghetti the Octopode Delver began the quest for the Orb.
     0 | D:5      | Reached XP level 1. HP: 16/16 MP: 1/1
     0 | D:5      | magus.rc [v1.9.6]
     4 | D:6      | Reached skill level 7 in Stealth
     4 | D:6      | Reached XP level 2. HP: 21/21 MP: 2/2
    94 | D:6      | Noticed Menkaure
   102 | D:6      | Killed Menkaure
   103 | D:6      | Reached skill level 9 in Stealth
   103 | D:6      | Reached XP level 3. HP: 15/26 MP: 3/3
   103 | D:6      | Reached XP level 4. HP: 17/31 MP: 4/4
   103 | D:6      | Reached XP level 5. HP: 20/36 MP: 5/5
   198 | D:6      | Reached skill level 10 in Stealth
   223 | D:6      | Noticed an ice beast
   229 | D:6      | Noticed an ogre
   233 | D:6      | Killed an ogre
   234 | D:6      | Reached XP level 6. HP: 26/42 MP: 6/6
   234 | D:6      | Noticed Sigmund
   245 | D:6      | HP: 6/42 [ice beast (5)]
   247 | D:6      | Killed from afar by Sigmund

Vanquished Creatures
  Menkaure (D:6)
  An ogre (D:6)
  A howler monkey (D:6)
  2 adders (D:6)
  A white imp (D:6)
  An orc (D:6)
7 creatures vanquished.

Table legend:
 A = Non-vault XP
 B = Vault XP
 C = Vault XP percentage of total XP
 D = Non-vault monster count
 E = Vault monster count
 F = Vault count percentage of total count
                 A         B        C        D         E       F
            +---------+---------+-------+---------+---------+-------
      Total |     213 |     175 |  45.1 |       6 |       1 |  14.3
            +---------+---------+-------+---------+---------+-------
        D:6 |     213 |     175 |  45.1 |       6 |       1 |  14.3
            +---------+---------+-------+---------+---------+-------

Illustrated notes

Table legend:
 A = Kills in this place as a percentage of kills in entire the game.
 B = Kills by you in this place as a percentage of kills by you in the entire game.
 C = Kills by friends in this place as a percentage of kills by friends in the entire game.
 D = Other kills in this place as a percentage of other kills in the entire game.
 E = Experience gained in this place as a percentage of experience gained in the entire game.
 F = Experience gained in this place divided by the number of levels of this place that you have seen.
                   A       B       C       D       E      F
               +-------+-------+-------+-------+-------+----------------------
         Total | 100.0 | 100.0 |   N/A |   N/A | 100.0 | 194.0
       Dungeon | 100.0 | 100.0 |   N/A |   N/A | 100.0 | 194.0
               +-------+-------+-------+-------+-------+----------------------

Table legend: (Time is in decaauts)
 A = Elapsed time spent in this place.
 B = Non-inter-level travel time spent in this place.
 C = Inter-level travel time spent in this place.
 D = Time resting spent in this place.
 E = Time spent auto-exploring this place.
 F = Levels seen in this place.
 G = Mean time per level.
                   A        B        C        D        E       F      G
               +--------+--------+--------+--------+--------+-----+--------+
         Total |    243 |    243 |      0 |     21 |    159 |   2 |  121.5 |
       Dungeon |    243 |    243 |      0 |     21 |    159 |   2 |  121.5 |
               +--------+--------+--------+--------+--------+-----+--------+

Top non-repeatable levels by time:
     D:6: 242 daAuts
     D:5: 1 daAuts
